TAMPA BAY vs NEW YORK R

Created - February-03-21 at 14:17

Goals
1 2 3 T
TAMPA BAY 2 2 2 6
NEW YORK R 3 1 3 7
Shots
1 2 3 T
TAMPA BAY 9 10 11 30
NEW YORK R 11 10 14 35

1st period

1. NEW YORK R , Connor Brown 6 (Andrew Cogliano 9, Seth Jones 5) at 6:07 (PP)
2. NEW YORK R , Marc-Edouard Vlasic 4 (Artemi Panarin 12, Bo Horvat 7) at 9:20
3. TAMPA BAY , Jake Virtanen 3 (Rasmus Andersson 6, Brandon Montour 5) at 11:33
4. TAMPA BAY , Sebastian Aho 11 (Lucas Wallmark 3) at 13:19
5. NEW YORK R , Jonathan Marchessault 6 (Andrew Cogliano 10, Brett Pesce 15) at 17:05

Penalties :
Rasmus Andersson (TB ) for Interference (Minor) at 5:15

2nd period

6. NEW YORK R , Bo Horvat 6 (Colton Parayko 7, Artemi Panarin 13) at 0:40
7. TAMPA BAY , John Klingberg 2 (Zach Werenski 8, Mathew Barzal 13) at 16:39 (PP)
8. TAMPA BAY , Tyson Jost 2 (Vladislav Gavrikov 5) at 17:14

Penalties :
Filip Forsberg (TB ) for Roughing (Minor) at 0:44, Rasmus Andersson (TB ) for Tripping (Minor) at 5:15, Marcus Kruger (NYR) for Tripping (Minor) at 16:15, Jonathan Marchessault (NYR) for Interference (Minor) at 19:09

3rd period

9. TAMPA BAY , Zach Werenski 3 (Elias Lindholm 8) at 2:22 (PP)
10. NEW YORK R , Marc-Edouard Vlasic 5 (Bo Horvat 8, Brett Pesce 16) at 4:27
11. TAMPA BAY , Viktor Arvidsson 4 (Zach Werenski 9, John Klingberg 8) at 9:30 (PP)
12. NEW YORK R , Connor Brown 7 (Seth Jones 6, Colton Parayko 8) at 9:39
13. NEW YORK R , Marc-Edouard Vlasic 6 (Connor Brown 8, Jonathan Marchessault 6) at 19:36

Penalties :
Jonathan Marchessault (NYR) for Hooking (Minor) at 1:20, Seth Jones (NYR) for Tripping (Minor) at 4:37, Tom Wilson (NYR) for Hooking (Minor) at 8:10, Jake Virtanen (TB ) for Hooking (Minor) at 12:16

Goalie Stats

Casey DeSmith (TB ), 28 saves from 35 shots - (0.800), L, 3-2-0, 60:00 minutes
Frederik Andersen (NYR), 24 saves from 30 shots - (0.800), W, 10-5-2, 60:00 minutes

Players Stats for TAMPA BAY

Player Name              G  A  P  +/- PIM S  H  SB GA TA FO     MP     PP MP  PK MP  
------------------------------------------------------------------------------------
Brandon Montour          0  1  1  -1  0   0  2  2  0  0  0/0    21:53   3:10   3:42 
Elias Lindholm           0  1  1  -2  0   2  2  1  0  0  18/27  20:43   3:45   4:59 
Filip Chytil             0  0  0  -1  0   4  0  0  0  0  10/17  13:45   0:00   0:00 
Filip Forsberg           0  0  0  -1  2   1  4  0  0  0  1/1    19:23   2:57   2:42 
Jake Virtanen            1  0  1   1  2   1  2  0  0  0  0/0    17:11   3:47   0:00 
Jesper Bratt             0  0  0  -1  0   2  0  0  0  0  1/1     9:31   0:00   1:53 
John Klingberg           1  1  2  -1  0   1  2  1  0  0  0/0    23:16   3:34   3:07 
Josh Brown               0  0  0  -1  0   0  1  0  0  0  0/0    14:51   0:00   0:00 
Lucas Wallmark           0  1  1  -1  0   0  0  0  0  0  7/11    9:45   0:02   2:05 
Mathew Barzal            0  1  1  -2  0   2  1  0  0  0  4/8    14:56   2:57   0:00 
Rasmus Andersson         0  1  1  -1  4   2  1  0  0  0  0/0    19:29   3:10   0:00 
Robby Fabbri             0  0  0   1  0   1  0  0  0  0  1/1    14:00   0:02   0:00 
Sebastian Aho            1  0  1  -3  0   4  1  1  0  0  1/3    23:44   3:45   1:35 
Sonny Milano             0  0  0   0  0   0  0  0  0  0  0/0     0:00   0:00   0:00 
Tyson Jost               1  0  1   1  0   2  0  0  0  0  8/13   13:05   0:00   0:00 
Viktor Arvidsson         1  0  1  -1  0   2  0  0  0  0  0/1    17:06   2:57   0:24 
Vladislav Gavrikov       0  1  1  -1  0   0  1  0  0  0  0/0    17:13   0:00   3:42 
Zach Werenski            1  2  3  -1  0   6  1  0  0  0  0/0    23:16   3:34   3:07 

Players Stats for NEW YORK R

Player Name              G  A  P  +/- PIM S  H  SB GA TA FO     MP     PP MP  PK MP  
------------------------------------------------------------------------------------
Andrew Cogliano          0  2  2   1  0   2  2  0  0  0  0/1    17:52   2:59   0:00 
Artemi Panarin           0  2  2   2  0   3  0  0  0  0  5/12   26:26   3:50   4:54 
Bo Horvat                1  2  3   2  0   5  0  0  0  0  9/20   21:58   3:50   4:54 
Brendan Lemieux          0  0  0   0  0   1  3  0  0  0  0/0     4:28   0:00   0:00 
Brett Pesce              0  2  2   3  0   2  2  2  0  0  0/0    19:26   3:08   2:58 
Cam Fowler               0  0  0  -1  0   0  3  0  0  0  0/0    14:51   0:00   0:00 
Colton Parayko           0  2  2   1  0   1  1  0  0  0  0/0    23:12   3:41   3:46 
Connor Brown             2  1  3   1  0   3  0  0  0  0  0/1    17:52   2:59   0:00 
Gabriel Vilardi          0  0  0   0  0   0  0  0  0  0  1/2     0:31   0:08   0:00 
Jake DeBrusk             0  0  0   0  0   2  3  0  0  0  0/2    15:00   0:00   1:08 
Jonathan Marchessault    1  1  2   1  4   5  2  0  0  0  8/21   18:50   2:59   1:00 
Karl Alzner              0  0  0   0  0   0  0  0  0  0  0/0     3:05   0:00   0:34 
Marc-Edouard Vlasic      3  0  3   3  0   3  2  1  0  0  0/0    19:26   3:08   2:58 
Marcus Kruger            0  0  0   0  2   0  3  0  0  0  1/1    13:28   0:00   0:00 
Mike Matheson            0  0  0  -1  0   0  0  1  0  0  0/0    15:36   0:00   0:45 
Nico Hischier            0  0  0   0  0   0  1  0  0  0  5/16   13:52   0:00   0:00 
Sam Steel                0  0  0   0  0   1  0  0  0  0  1/3     4:40   0:00   0:12 
Seth Jones               0  2  2   1  2   4  3  1  0  0  0/0    24:23   3:41   2:27 
Tom Wilson               0  0  0   2  2   3  1  0  0  0  2/4    18:15   3:42   1:20 

3 Stars

1 - Marc-Edouard Vlasic (NYR)
2 - Connor Brown (NYR)
3 - Bo Horvat (NYR)

Power Play

TAMPA BAY - 3 on 5 Attempt(s) - 60.00%
NEW YORK R - 1 on 4 Attempt(s) - 25.00%

Penalty Kill

TAMPA BAY - 3 on 4 Attempt(s) - 75.00% - Score 0 goal in Penalty Kill
NEW YORK R - 2 on 5 Attempt(s) - 40.00% - Score 0 goal in Penalty Kill

Team Stat

TAMPA BAY - Hits : 18 - Faceoff Wins : 51 - Blocked Shots : 5 - Penalty Minutes : 8
NEW YORK R - Hits : 26 - Faceoff Wins : 32 - Blocked Shots : 5 - Penalty Minutes : 10

Official

Referees : Steve Kozari and Brandon Blandina
Linesman : Jake Davis and Glen Cooke

Game Notes

Marc-Edouard Vlasic has scored a Hat Trick!

Finance

Level 1 -- Attendance: 4798 (79.97%) -- Ticket Income $479,800
Level 2 -- Attendance: 3279 (65.58%) -- Ticket Income $229,530
Level 3 -- Attendance: 1250 (62.50%) -- Ticket Income $56,250
Level 4 -- Attendance: 3618 (90.45%) -- Ticket Income $72,360
Luxury Box -- Attendance: 966 (96.60%) -- Ticket Income $176,778
Game was played at the Madison Square Garden.
Total Attendance: 13911 (77.28%)
Total Ticket Income: $1,014,718
Total Income: $1,014,718

TAMPA BAY

5 vs 5 Forward 
   Center                   Left Wing                Right Wing               Time % Phy DF OF 
 1 Elias Lindholm           Sebastian Aho            Mathew Barzal            29     1   2  2  
 2 Filip Chytil             Filip Forsberg           Viktor Arvidsson         28     1   2  2  
 3 Tyson Jost               Jake Virtanen            Robby Fabbri             25     1   2  2  
 4 Lucas Wallmark           Jesper Bratt             Sebastian Aho            18     1   2  2  

5 vs 5 Defense 
   Defense                  Defense                                           Time % Phy DF OF 
 1 Zach Werenski            John Klingberg                                    34     1   2  2  
 2 Brandon Montour          Rasmus Andersson                                  34     1   2  2  
 3 Vladislav Gavrikov       Josh Brown                                        32     1   2  2  
 4 Josh Brown               Rasmus Andersson                                  0      1   2  2  

PowerPlay Forward 
   Center                   Left Wing                Right Wing               Time % Phy DF OF 
 1 Elias Lindholm           Sebastian Aho            Jake Virtanen            60     1   2  2  
 2 Mathew Barzal            Filip Forsberg           Viktor Arvidsson         40     1   2  2  

PowerPlay Defense
   Defense                  Defense                                           Time % Phy DF OF 
 1 Zach Werenski            John Klingberg                                    60     1   2  2  
 2 Brandon Montour          Rasmus Andersson                                  40     1   2  2  

Penalty Kill 4 Players Forward 
   Center                   Wing                     Time % Phy DF OF 
 1 Elias Lindholm           Filip Forsberg           60     1   2  2  
 2 Lucas Wallmark           Sebastian Aho            40     1   2  2  

Penalty Kill 4 Players Defense
   Defense                  Defense                  Time % Phy DF OF 
 1 Zach Werenski            John Klingberg           60     1   2  2  
 2 Brandon Montour          Vladislav Gavrikov       40     1   2  2  

Penalty Kill - 3 Players Forward 
   Forward                                           Time % Phy DF OF 
 1 Lucas Wallmark                                    60     1   2  2  
 2 Elias Lindholm                                    40     1   2  2  

Penalty Kill - 3 Players Defense
   Defense                  Defense                  Time % Phy DF OF 
 1 Zach Werenski            John Klingberg           60     1   2  2  
 2 Brandon Montour          Rasmus Andersson         40     1   2  2  

4 vs 4 Forward 
   Center                   Wing                     Time % Phy DF OF 
 1 Sebastian Aho            Elias Lindholm           60     1   2  2  
 2 Mathew Barzal            Filip Forsberg           40     1   2  2  

4 vs 4 Defense
   Defense                  Defense                  Time % Phy DF OF 
 1 Zach Werenski            John Klingberg           60     1   2  2  
 2 Brandon Montour          Rasmus Andersson         40     1   2  2  

Last Minutes Offensive
   Center                   Left Wing                Right Wing               Defense                  Defense                  
   Elias Lindholm           Sebastian Aho            Mathew Barzal            Zach Werenski            John Klingberg           

Last Minutes Defensive
   Center                   Left Wing                Right Wing               Defense                  Defense                  
   Elias Lindholm           Sebastian Aho            Mathew Barzal            Zach Werenski            John Klingberg           

Goaltenders
Starting : Casey DeSmith            
Backup : Pavel Francouz           

Extra Forwards
Normal : Jake Virtanen, Robby Fabbri, Jesper Bratt - PP : Robby Fabbri, Filip Chytil - PK : Jesper Bratt
Extra Defensemen
Normal : Vladislav Gavrikov, Josh Brown, Rasmus Andersson - PP : Vladislav Gavrikov - PK : Josh Brown, Rasmus Andersson
Penalty Shots
Sebastian Aho, Elias Lindholm, Mathew Barzal, Filip Forsberg, Viktor Arvidsson

Scratches
Anthony Bitetto (Healthy), TB Cap Hit (Healthy)

NEW YORK R

5 vs 5 Forward 
   Center                   Left Wing                Right Wing               Time % Phy DF OF 
 1 Bo Horvat                Artemi Panarin           Tom Wilson               35     1   2  2  
 2 Jonathan Marchessault    Andrew Cogliano          Connor Brown             30     1   2  2  
 3 Nico Hischier            Jake DeBrusk             Marcus Kruger            25     1   2  2  
 4 Sam Steel                Brendan Lemieux          Artemi Panarin           10     1   2  2  

5 vs 5 Defense 
   Defense                  Defense                                           Time % Phy DF OF 
 1 Seth Jones               Colton Parayko                                    35     1   2  2  
 2 Marc-Edouard Vlasic      Brett Pesce                                       30     1   2  2  
 3 Cam Fowler               Mike Matheson                                     25     1   2  2  
 4 Karl Alzner              Seth Jones                                        10     1   2  2  

PowerPlay Forward 
   Center                   Left Wing                Right Wing               Time % Phy DF OF 
 1 Bo Horvat                Artemi Panarin           Tom Wilson               60     1   2  2  
 2 Jonathan Marchessault    Andrew Cogliano          Connor Brown             40     1   2  2  

PowerPlay Defense
   Defense                  Defense                                           Time % Phy DF OF 
 1 Seth Jones               Colton Parayko                                    60     1   2  2  
 2 Marc-Edouard Vlasic      Brett Pesce                                       40     1   2  2  

Penalty Kill 4 Players Forward 
   Center                   Wing                     Time % Phy DF OF 
 1 Artemi Panarin           Bo Horvat                60     1   2  2  
 2 Tom Wilson               Jonathan Marchessault    40     1   2  2  

Penalty Kill 4 Players Defense
   Defense                  Defense                  Time % Phy DF OF 
 1 Seth Jones               Colton Parayko           60     1   2  2  
 2 Marc-Edouard Vlasic      Brett Pesce              40     1   2  2  

Penalty Kill - 3 Players Forward 
   Forward                                           Time % Phy DF OF 
 1 Artemi Panarin                                    60     1   2  2  
 2 Bo Horvat                                         40     1   2  2  

Penalty Kill - 3 Players Defense
   Defense                  Defense                  Time % Phy DF OF 
 1 Seth Jones               Colton Parayko           60     1   2  2  
 2 Marc-Edouard Vlasic      Brett Pesce              40     1   2  2  

4 vs 4 Forward 
   Center                   Wing                     Time % Phy DF OF 
 1 Artemi Panarin           Bo Horvat                60     1   2  2  
 2 Tom Wilson               Jonathan Marchessault    40     1   2  2  

4 vs 4 Defense
   Defense                  Defense                  Time % Phy DF OF 
 1 Seth Jones               Colton Parayko           60     1   2  2  
 2 Marc-Edouard Vlasic      Brett Pesce              40     1   2  2  

Last Minutes Offensive
   Center                   Left Wing                Right Wing               Defense                  Defense                  
   Bo Horvat                Artemi Panarin           Tom Wilson               Seth Jones               Colton Parayko           

Last Minutes Defensive
   Center                   Left Wing                Right Wing               Defense                  Defense                  
   Bo Horvat                Artemi Panarin           Tom Wilson               Seth Jones               Colton Parayko           

Goaltenders
Starting : Frederik Andersen        
Backup : Craig Anderson           

Extra Forwards
Normal : Gabriel Vilardi, Nico Hischier, Jake DeBrusk - PP : Gabriel Vilardi, Nico Hischier - PK : Jake DeBrusk
Extra Defensemen
Normal : Cam Fowler, Mike Matheson, Karl Alzner - PP : Cam Fowler - PK : Mike Matheson, Karl Alzner
Penalty Shots
Artemi Panarin, Bo Horvat, Tom Wilson, Jonathan Marchessault, Nico Hischier

Scratches
Leon Draisaitl (Healthy), Frederik Gauthier (Healthy)

% Time on Ice - TAMPA BAY

Lines # - Real PCT - Wanted PCT - Time Play
Normal Forward
1 - 25% - 29% - 11:36
2 - 30% - 28% - 13:45
3 - 28% - 25% - 13:05
4 - 17% - 18% - 7:38
Normal Defense
1 - 35% - 34% - 16:12
2 - 32% - 34% - 14:38
3 - 29% - 32% - 13:31
4 - 4% - 0% - 1:43
PP Forward
1 - 56% - 60% - 3:47
2 - 44% - 40% - 2:57
PP Defense
1 - 53% - 60% - 3:34
2 - 47% - 40% - 3:10
PK Forward
1 - 77% - 60% - 5:14
2 - 23% - 40% - 1:35
PK Defense
1 - 46% - 60% - 3:07
2 - 54% - 40% - 3:42
PK3 Forward
1 - 0% - 60%
2 - 0% - 40%
PK3 Defense
1 - 0% - 60%
2 - 0% - 40%
44 Forward
1 - 0% - 60%
2 - 0% - 40%
44 Defense
1 - 0% - 60%
2 - 0% - 40%
Last Minute Offensive  - 0:23
Last Minute Defensive  - 0:00
Total
Forward - 60:00
Defense - 60:00

% Time on Ice - NEW YORK R

Lines # - Real PCT - Wanted PCT - Time Play
Normal Forward
1 - 29% - 35% - 13:14
2 - 32% - 30% - 14:53
3 - 29% - 25% - 13:29
4 - 10% - 10% - 4:28
Normal Defense
1 - 34% - 35% - 15:45
2 - 29% - 30% - 13:20
3 - 31% - 25% - 14:28
4 - 5% - 10% - 2:31
PP Forward
1 - 56% - 60% - 3:50
2 - 44% - 40% - 2:59
PP Defense
1 - 54% - 60% - 3:41
2 - 46% - 40% - 3:08
PK Forward
1 - 76% - 60% - 5:06
2 - 24% - 40% - 1:38
PK Defense
1 - 56% - 60% - 3:46
2 - 44% - 40% - 2:58
PK3 Forward
1 - 0% - 60%
2 - 0% - 40%
PK3 Defense
1 - 0% - 60%
2 - 0% - 40%
44 Forward
1 - 0% - 60%
2 - 0% - 40%
44 Defense
1 - 0% - 60%
2 - 0% - 40%
Last Minute Offensive  - 0:00
Last Minute Defensive  - 0:23
Total
Forward - 60:00
Defense - 60:00

Play-by-Play

1st period


0:01 of 1st period - Bo Horvat wins face-off versus Elias Lindholm in neutral zone.
0:05 of 1st period - Seth Jones is hit by John Klingberg and loses puck.
0:22 of 1st period - Shot by Mathew Barzal.
0:22 of 1st period - Shot Misses the Net.
0:40 of 1st period - Shot by Colton Parayko.
0:40 of 1st period - Stopped by Casey DeSmith without a rebound.
0:41 of 1st period - Filip Chytil wins face-off versus Jonathan Marchessault in TAMPA BAY zone.
1:16 of 1st period - Shot by Filip Forsberg.
1:16 of 1st period - Shot Misses the Net.
1:18 of 1st period - Shot by Filip Chytil.
1:18 of 1st period - Stopped by Frederik Andersen without a rebound.
1:19 of 1st period - Tyson Jost wins face-off versus Nico Hischier in NEW YORK R zone.
2:09 of 1st period - Icing by Jake DeBrusk.
2:10 of 1st period - Lucas Wallmark wins face-off versus Nico Hischier in NEW YORK R zone.
3:17 of 1st period - Icing by Zach Werenski.
3:18 of 1st period - Jonathan Marchessault wins face-off versus Filip Chytil in TAMPA BAY zone.
3:45 of 1st period - Marc-Edouard Vlasic is hit by Filip Forsberg and loses puck.
4:18 of 1st period - Mike Matheson is hit by Jake Virtanen and loses puck.
4:43 of 1st period - Shot by Bo Horvat.
4:43 of 1st period - Stopped by Casey DeSmith without a rebound.
4:44 of 1st period - Elias Lindholm wins face-off versus Nico Hischier in TAMPA BAY zone.
4:44 of 1st period - Elias Lindholm is hit by Jake DeBrusk.
5:01 of 1st period - Jake DeBrusk is hit by Brandon Montour and loses puck.
5:15 of 1st period - Minor Penalty to Rasmus Andersson for Interference.
5:16 of 1st period - Elias Lindholm wins face-off versus Bo Horvat in TAMPA BAY zone.
5:35 of 1st period - Shot by Brett Pesce.
5:35 of 1st period - Shot Misses the Net.
5:37 of 1st period - Shot by Brett Pesce.
5:37 of 1st period - Stopped by Casey DeSmith without a rebound.
5:38 of 1st period - Jonathan Marchessault wins face-off versus Elias Lindholm in TAMPA BAY zone.
5:41 of 1st period - Shot by Connor Brown.
5:41 of 1st period - Shot Misses the Net.
5:43 of 1st period - Shot by Colton Parayko.
5:43 of 1st period - Shot Blocked by Elias Lindholm.
5:45 of 1st period - Shot by Andrew Cogliano.
5:45 of 1st period - Deflect By Jonathan Marchessault.
5:45 of 1st period - Shot Misses the Net.
5:47 of 1st period - Shot by Andrew Cogliano.
5:47 of 1st period - Stopped by Casey DeSmith with a rebound.
5:49 of 1st period - Shot by Jonathan Marchessault.
5:49 of 1st period - Shot Blocked by Brandon Montour.
5:51 of 1st period - Shot by Andrew Cogliano.
5:51 of 1st period - Stopped by Casey DeSmith with a rebound.
6:07 of 1st period - Shot by Connor Brown.
6:07 of 1st period - Goal by Connor Brown - TAMPA BAY : 0 - NEW YORK R : 1.
6:08 of 1st period - Bo Horvat wins face-off versus Lucas Wallmark in neutral zone.
6:42 of 1st period - Icing by Marc-Edouard Vlasic.
6:43 of 1st period - Tyson Jost wins face-off versus Bo Horvat in NEW YORK R zone.
7:45 of 1st period - Shot by Colton Parayko.
7:45 of 1st period - Shot Misses the Net.
7:48 of 1st period - Jonathan Marchessault is hit by Josh Brown and loses puck.
7:51 of 1st period - Shot by Jonathan Marchessault.
7:51 of 1st period - Shot Misses the Net.
8:23 of 1st period - Off-side.
8:24 of 1st period - Marcus Kruger wins face-off versus Elias Lindholm in neutral zone.
8:39 of 1st period - Shot by Sebastian Aho.
8:39 of 1st period - Shot Misses the Net.
8:41 of 1st period - Shot by Elias Lindholm.
8:41 of 1st period - Stopped by Frederik Andersen without a rebound.
8:42 of 1st period - Filip Chytil wins face-off versus Bo Horvat in NEW YORK R zone.
9:10 of 1st period - Artemi Panarin is hit by John Klingberg.
9:20 of 1st period - Shot by Marc-Edouard Vlasic.
9:20 of 1st period - Goal by Marc-Edouard Vlasic - TAMPA BAY : 0 - NEW YORK R : 2.
9:21 of 1st period - Nico Hischier wins face-off versus Mathew Barzal in neutral zone.
9:38 of 1st period - Shot by Rasmus Andersson.
9:38 of 1st period - Stopped by Frederik Andersen with a rebound.
10:00 of 1st period - Shot by Jake DeBrusk.
10:00 of 1st period - Shot Blocked by Brandon Montour.
10:02 of 1st period - Shot by Seth Jones.
10:02 of 1st period - Stopped by Casey DeSmith without a rebound.
10:03 of 1st period - Filip Chytil wins face-off versus Connor Brown in TAMPA BAY zone.
11:23 of 1st period - Icing by Brett Pesce.
11:24 of 1st period - Tyson Jost wins face-off versus Bo Horvat in NEW YORK R zone.
11:31 of 1st period - Shot by Jake Virtanen.
11:31 of 1st period - Shot Blocked by Marc-Edouard Vlasic.
11:33 of 1st period - Shot by Jake Virtanen.
11:33 of 1st period - Goal by Jake Virtanen - TAMPA BAY : 1 - NEW YORK R : 2.
11:34 of 1st period - Tyson Jost wins face-off versus Nico Hischier in neutral zone.
12:08 of 1st period - Tyson Jost is hit by Jake DeBrusk.
12:13 of 1st period - Off-side.
12:14 of 1st period - Filip Chytil wins face-off versus Bo Horvat in neutral zone.
12:29 of 1st period - Shot by Viktor Arvidsson.
12:29 of 1st period - Deflect By Filip Chytil.
12:29 of 1st period - Stopped by Frederik Andersen with a rebound.
12:39 of 1st period - Shot by Filip Forsberg.
12:39 of 1st period - Shot Misses the Net.
12:41 of 1st period - Shot by Filip Forsberg.
12:41 of 1st period - Shot Misses the Net.
12:43 of 1st period - Shot by Filip Forsberg.
12:43 of 1st period - Shot Misses the Net.
12:45 of 1st period - Shot by Brandon Montour.
12:45 of 1st period - Shot Blocked by Mike Matheson.
13:09 of 1st period - Shot by Mathew Barzal.
13:09 of 1st period - Stopped by Frederik Andersen without a rebound.
13:10 of 1st period - Lucas Wallmark wins face-off versus Andrew Cogliano in NEW YORK R zone.
13:17 of 1st period - Shot by Sebastian Aho.
13:17 of 1st period - Shot Misses the Net.
13:19 of 1st period - Shot by Sebastian Aho.
13:19 of 1st period - Goal by Sebastian Aho - TAMPA BAY : 2 - NEW YORK R : 2.
13:20 of 1st period - Elias Lindholm wins face-off versus Nico Hischier in neutral zone.
13:23 of 1st period - Shot by Sebastian Aho.
13:23 of 1st period - Shot Misses the Net.
13:30 of 1st period - Off-side.
13:31 of 1st period - Jonathan Marchessault wins face-off versus Tyson Jost in neutral zone.
14:41 of 1st period - Shot by Brendan Lemieux.
14:41 of 1st period - Stopped by Casey DeSmith without a rebound.
14:42 of 1st period - Filip Chytil wins face-off versus Nico Hischier in TAMPA BAY zone.
15:50 of 1st period - Shot by Artemi Panarin.
15:50 of 1st period - Shot Misses the Net.
15:56 of 1st period - Artemi Panarin is hit by Elias Lindholm and loses puck.
16:31 of 1st period - Jake Virtanen is hit by Seth Jones and loses puck.
17:03 of 1st period - Shot by Jonathan Marchessault.
17:03 of 1st period - Stopped by Casey DeSmith with a rebound.
17:05 of 1st period - Shot by Jonathan Marchessault.
17:05 of 1st period - Goal by Jonathan Marchessault - TAMPA BAY : 2 - NEW YORK R : 3.
17:06 of 1st period - Lucas Wallmark wins face-off versus Nico Hischier in neutral zone.
17:13 of 1st period - Shot by Sebastian Aho.
17:13 of 1st period - Shot Misses the Net.
17:29 of 1st period - Shot by Sebastian Aho.
17:29 of 1st period - Shot Misses the Net.
17:31 of 1st period - Shot by Sebastian Aho.
17:31 of 1st period - Deflect By Jesper Bratt.
17:31 of 1st period - Stopped by Frederik Andersen with a rebound.
18:05 of 1st period - Shot by Viktor Arvidsson.
18:05 of 1st period - Deflect By Filip Chytil.
18:05 of 1st period - Stopped by Frederik Andersen without a rebound.
18:06 of 1st period - Artemi Panarin wins face-off versus Sebastian Aho in NEW YORK R zone.
18:13 of 1st period - Zach Werenski is hit by Brendan Lemieux and loses puck.
18:26 of 1st period - Artemi Panarin is hit by Elias Lindholm and loses puck.
18:50 of 1st period - Mathew Barzal is hit by Jonathan Marchessault and loses puck.
19:34 of 1st period - Icing by Brandon Montour.
19:35 of 1st period - Filip Forsberg wins face-off versus Nico Hischier in TAMPA BAY zone.
19:35 of 1st period - Brandon Montour is hit by Jake DeBrusk and loses puck.
19:42 of 1st period - Brandon Montour is hit by Marcus Kruger and loses puck.
19:58 of 1st period - Icing by Mike Matheson.
19:59 of 1st period - Tyson Jost wins face-off versus Jake DeBrusk in NEW YORK R zone.
19:59 of 1st period - Tyson Jost is hit by Cam Fowler.
Goals for this period are 2 for TAMPA BAY vs 3 for NEW YORK R.
Shots for this period are 9 for TAMPA BAY vs 11 for NEW YORK R.

2nd period


0:01 of 2nd period - Elias Lindholm wins face-off versus Bo Horvat in neutral zone.
0:13 of 2nd period - Sebastian Aho is hit by Seth Jones and loses puck.
0:19 of 2nd period - Mathew Barzal is hit by Colton Parayko and loses puck.
0:26 of 2nd period - Shot by Elias Lindholm.
0:26 of 2nd period - Shot Misses the Net.
0:28 of 2nd period - Shot by Vladislav Gavrikov.
0:28 of 2nd period - Shot Misses the Net.
0:40 of 2nd period - Shot by Bo Horvat.
0:40 of 2nd period - Goal by Bo Horvat - TAMPA BAY : 2 - NEW YORK R : 4.
0:41 of 2nd period - Filip Chytil wins face-off versus Jonathan Marchessault in neutral zone.
0:44 of 2nd period - Minor Penalty to Filip Forsberg for Roughing.
0:45 of 2nd period - Elias Lindholm wins face-off versus Jonathan Marchessault in TAMPA BAY zone.
0:53 of 2nd period - Icing by Jonathan Marchessault.
0:54 of 2nd period - Elias Lindholm wins face-off versus Jonathan Marchessault in NEW YORK R zone.
1:04 of 2nd period - Shot by Brett Pesce.
1:04 of 2nd period - Stopped by Casey DeSmith with a rebound.
1:27 of 2nd period - Andrew Cogliano is hit by Zach Werenski.
1:29 of 2nd period - Shot by Jonathan Marchessault.
1:29 of 2nd period - Stopped by Casey DeSmith without a rebound.
1:30 of 2nd period - Bo Horvat wins face-off versus Lucas Wallmark in TAMPA BAY zone.
1:43 of 2nd period - Shot by Bo Horvat.
1:43 of 2nd period - Stopped by Casey DeSmith without a rebound.
1:44 of 2nd period - Elias Lindholm wins face-off versus Bo Horvat in TAMPA BAY zone.
2:58 of 2nd period - Cam Fowler is hit by Jake Virtanen and loses puck.
3:17 of 2nd period - Shot by Robby Fabbri.
3:17 of 2nd period - Stopped by Frederik Andersen without a rebound.
3:18 of 2nd period - Jonathan Marchessault wins face-off versus Filip Chytil in NEW YORK R zone.
3:18 of 2nd period - Jonathan Marchessault is hit by Filip Forsberg.
3:27 of 2nd period - Shot by Zach Werenski.
3:27 of 2nd period - Shot Misses the Net.
3:29 of 2nd period - Shot by Filip Forsberg.
3:29 of 2nd period - Stopped by Frederik Andersen without a rebound.
3:30 of 2nd period - Sam Steel wins face-off versus Lucas Wallmark in NEW YORK R zone.
4:00 of 2nd period - Icing by John Klingberg.
4:01 of 2nd period - Lucas Wallmark wins face-off versus Jonathan Marchessault in TAMPA BAY zone.
4:01 of 2nd period - Lucas Wallmark is hit by Jonathan Marchessault.
4:25 of 2nd period - Shot by Jonathan Marchessault.
4:25 of 2nd period - Deflect By Connor Brown.
4:25 of 2nd period - Shot Misses the Net.
4:35 of 2nd period - Shot by Jonathan Marchessault.
4:35 of 2nd period - Shot Misses the Net.
4:44 of 2nd period - Sebastian Aho is hit by Andrew Cogliano and loses puck.
4:48 of 2nd period - Off-side.
4:49 of 2nd period - Bo Horvat wins face-off versus Filip Chytil in neutral zone.
5:00 of 2nd period - Shot by Bo Horvat.
5:00 of 2nd period - Shot Misses the Net.
5:15 of 2nd period - Minor Penalty to Rasmus Andersson for Tripping.
5:16 of 2nd period - Elias Lindholm wins face-off versus Bo Horvat in TAMPA BAY zone.
5:31 of 2nd period - Shot by Bo Horvat.
5:31 of 2nd period - Stopped by Casey DeSmith with a rebound.
6:23 of 2nd period - Shot by Jonathan Marchessault.
6:23 of 2nd period - Stopped by Casey DeSmith without a rebound.
6:24 of 2nd period - Jesper Bratt wins face-off versus Bo Horvat in TAMPA BAY zone.
7:31 of 2nd period - Shot by Mike Matheson.
7:31 of 2nd period - Shot Misses the Net.
7:33 of 2nd period - Shot by Marcus Kruger.
7:33 of 2nd period - Shot Misses the Net.
7:35 of 2nd period - Shot by Jake DeBrusk.
7:35 of 2nd period - Stopped by Casey DeSmith with a rebound.
7:55 of 2nd period - Shot by Jake DeBrusk.
7:55 of 2nd period - Shot Hit the Post.
8:17 of 2nd period - Brandon Montour is hit by Brendan Lemieux and loses puck.
8:21 of 2nd period - Vladislav Gavrikov is hit by Brendan Lemieux and loses puck.
8:25 of 2nd period - Vladislav Gavrikov is hit by Marc-Edouard Vlasic.
8:32 of 2nd period - Icing by Marc-Edouard Vlasic.
8:33 of 2nd period - Elias Lindholm wins face-off versus Sam Steel in NEW YORK R zone.
8:43 of 2nd period - Sebastian Aho is hit by Marc-Edouard Vlasic and loses puck.
9:26 of 2nd period - Shot by Filip Chytil.
9:26 of 2nd period - Stopped by Frederik Andersen without a rebound.
9:27 of 2nd period - Nico Hischier wins face-off versus Filip Chytil in NEW YORK R zone.
9:27 of 2nd period - Nico Hischier is hit by Filip Forsberg.
9:34 of 2nd period - Icing by Cam Fowler.
9:35 of 2nd period - Nico Hischier wins face-off versus Tyson Jost in NEW YORK R zone.
10:46 of 2nd period - Shot by Connor Brown.
10:46 of 2nd period - Stopped by Casey DeSmith without a rebound.
10:47 of 2nd period - Bo Horvat wins face-off versus Elias Lindholm in TAMPA BAY zone.
11:20 of 2nd period - Shot by Sebastian Aho.
11:20 of 2nd period - Shot Blocked by Brett Pesce.
12:42 of 2nd period - Shot by Tyson Jost.
12:42 of 2nd period - Stopped by Frederik Andersen without a rebound.
12:43 of 2nd period - Lucas Wallmark wins face-off versus Nico Hischier in NEW YORK R zone.
12:52 of 2nd period - Shot by Sebastian Aho.
12:52 of 2nd period - Shot Misses the Net.
13:38 of 2nd period - Shot by Artemi Panarin.
13:38 of 2nd period - Deflect By Sam Steel.
13:38 of 2nd period - Stopped by Casey DeSmith without a rebound.
13:39 of 2nd period - Filip Chytil wins face-off versus Jonathan Marchessault in TAMPA BAY zone.
14:08 of 2nd period - Shot by Andrew Cogliano.
14:08 of 2nd period - Shot Misses the Net.
16:15 of 2nd period - Minor Penalty to Marcus Kruger for Tripping.
16:16 of 2nd period - Elias Lindholm wins face-off versus Sam Steel in NEW YORK R zone.
16:21 of 2nd period - Shot by Sebastian Aho.
16:21 of 2nd period - Shot Hit the Post.
16:23 of 2nd period - Shot by Rasmus Andersson.
16:23 of 2nd period - Stopped by Frederik Andersen with a rebound.
16:25 of 2nd period - Shot by Sebastian Aho.
16:25 of 2nd period - Shot Misses the Net.
16:27 of 2nd period - Shot by Sebastian Aho.
16:27 of 2nd period - Stopped by Frederik Andersen without a rebound.
16:28 of 2nd period - Mathew Barzal wins face-off versus Artemi Panarin in NEW YORK R zone.
16:35 of 2nd period - Shot by Zach Werenski.
16:35 of 2nd period - Shot Misses the Net.
16:37 of 2nd period - Shot by Zach Werenski.
16:37 of 2nd period - Stopped by Frederik Andersen with a rebound.
16:39 of 2nd period - Shot by John Klingberg.
16:39 of 2nd period - Goal by John Klingberg - TAMPA BAY : 3 - NEW YORK R : 4.
16:40 of 2nd period - Tyson Jost wins face-off versus Jonathan Marchessault in neutral zone.
17:14 of 2nd period - Shot by Tyson Jost.
17:14 of 2nd period - Goal by Tyson Jost - TAMPA BAY : 4 - NEW YORK R : 4.
17:15 of 2nd period - Elias Lindholm wins face-off versus Nico Hischier in neutral zone.
18:02 of 2nd period - Icing by Brandon Montour.
18:03 of 2nd period - Bo Horvat wins face-off versus Elias Lindholm in TAMPA BAY zone.
18:38 of 2nd period - Shot by Bo Horvat.
18:38 of 2nd period - Deflect By Tom Wilson.
18:38 of 2nd period - Shot Misses the Net.
18:40 of 2nd period - Shot by Tom Wilson.
18:40 of 2nd period - Stopped by Casey DeSmith without a rebound.
18:41 of 2nd period - Jonathan Marchessault wins face-off versus Filip Chytil in TAMPA BAY zone.
19:02 of 2nd period - Shot by Andrew Cogliano.
19:02 of 2nd period - Shot Misses the Net.
19:09 of 2nd period - Minor Penalty to Jonathan Marchessault for Interference.
19:10 of 2nd period - Robby Fabbri wins face-off versus Bo Horvat in NEW YORK R zone.
19:11 of 2nd period - Shot by Zach Werenski.
19:11 of 2nd period - Stopped by Frederik Andersen without a rebound.
19:12 of 2nd period - Mathew Barzal wins face-off versus Artemi Panarin in NEW YORK R zone.
19:17 of 2nd period - Shot by Zach Werenski.
19:17 of 2nd period - Deflect By Viktor Arvidsson.
19:17 of 2nd period - Shot Misses the Net.
Goals for this period are 2 for TAMPA BAY vs 1 for NEW YORK R.
Shots for this period are 10 for TAMPA BAY vs 10 for NEW YORK R.

3rd period


0:01 of 3rd period - Elias Lindholm wins face-off versus Artemi Panarin in neutral zone.
0:08 of 3rd period - Shot by Zach Werenski.
0:08 of 3rd period - Stopped by Frederik Andersen without a rebound.
0:09 of 3rd period - Artemi Panarin wins face-off versus Sebastian Aho in NEW YORK R zone.
0:40 of 3rd period - Shot by Sebastian Aho.
0:40 of 3rd period - Shot Misses the Net.
0:42 of 3rd period - Shot by Sebastian Aho.
0:42 of 3rd period - Stopped by Frederik Andersen with a rebound.
0:44 of 3rd period - Shot by Sebastian Aho.
0:44 of 3rd period - Stopped by Frederik Andersen without a rebound.
0:45 of 3rd period - Artemi Panarin wins face-off versus Mathew Barzal in NEW YORK R zone.
0:45 of 3rd period - Artemi Panarin is hit by Mathew Barzal.
1:09 of 3rd period - Shot by Viktor Arvidsson.
1:09 of 3rd period - Stopped by Frederik Andersen with a rebound.
1:16 of 3rd period - Connor Brown is hit by Vladislav Gavrikov and loses puck.
1:20 of 3rd period - Minor Penalty to Jonathan Marchessault for Hooking.
1:21 of 3rd period - Tom Wilson wins face-off versus Elias Lindholm in NEW YORK R zone.
1:52 of 3rd period - Shot by Bo Horvat.
1:52 of 3rd period - Shot Misses the Net.
1:54 of 3rd period - Shot by Artemi Panarin.
1:54 of 3rd period - Stopped by Casey DeSmith without a rebound.
1:55 of 3rd period - Tom Wilson wins face-off versus Mathew Barzal in TAMPA BAY zone.
1:55 of 3rd period - Marc-Edouard Vlasic is hit by Brandon Montour.
2:00 of 3rd period - Off-side.
2:01 of 3rd period - Mathew Barzal wins face-off versus Tom Wilson in neutral zone.
2:20 of 3rd period - Shot by Mathew Barzal.
2:20 of 3rd period - Stopped by Frederik Andersen without a rebound.
2:21 of 3rd period - Elias Lindholm wins face-off versus Artemi Panarin in NEW YORK R zone.
2:22 of 3rd period - Shot by Zach Werenski.
2:22 of 3rd period - Goal by Zach Werenski - TAMPA BAY : 5 - NEW YORK R : 4.
2:23 of 3rd period - Tyson Jost wins face-off versus Jonathan Marchessault in neutral zone.
3:21 of 3rd period - Icing by Zach Werenski.
3:22 of 3rd period - Nico Hischier wins face-off versus Tyson Jost in TAMPA BAY zone.
3:28 of 3rd period - Jake Virtanen is hit by Marcus Kruger.
3:57 of 3rd period - Shot by Elias Lindholm.
3:57 of 3rd period - Stopped by Frederik Andersen with a rebound.
3:59 of 3rd period - Shot by Rasmus Andersson.
3:59 of 3rd period - Shot Misses the Net.
4:21 of 3rd period - Shot by Artemi Panarin.
4:21 of 3rd period - Shot Blocked by Sebastian Aho.
4:23 of 3rd period - Shot by Brett Pesce.
4:23 of 3rd period - Shot Misses the Net.
4:25 of 3rd period - Shot by Bo Horvat.
4:25 of 3rd period - Stopped by Casey DeSmith with a rebound.
4:27 of 3rd period - Shot by Marc-Edouard Vlasic.
4:27 of 3rd period - Goal by Marc-Edouard Vlasic - TAMPA BAY : 5 - NEW YORK R : 5.
4:28 of 3rd period - Filip Chytil wins face-off versus Jonathan Marchessault in neutral zone.
4:32 of 3rd period - Viktor Arvidsson is hit by Seth Jones and loses puck.
4:36 of 3rd period - Icing by Colton Parayko.
4:37 of 3rd period - Filip Chytil wins face-off versus Jonathan Marchessault in NEW YORK R zone.
4:37 of 3rd period - Minor Penalty to Seth Jones for Tripping.
4:38 of 3rd period - Bo Horvat wins face-off versus Mathew Barzal in NEW YORK R zone.
4:38 of 3rd period - Bo Horvat is hit by Filip Forsberg.
4:48 of 3rd period - Shot by Zach Werenski.
4:48 of 3rd period - Stopped by Frederik Andersen without a rebound.
4:49 of 3rd period - Elias Lindholm wins face-off versus Artemi Panarin in NEW YORK R zone.
5:27 of 3rd period - Elias Lindholm is hit by Brett Pesce and loses puck.
6:26 of 3rd period - Shot by Colton Parayko.
6:26 of 3rd period - Shot Misses the Net.
6:40 of 3rd period - Shot by Marcus Kruger.
6:40 of 3rd period - Shot Misses the Net.
6:45 of 3rd period - Jesper Bratt is hit by Nico Hischier and loses puck.
7:49 of 3rd period - Shot by Jonathan Marchessault.
7:49 of 3rd period - Shot Misses the Net.
8:02 of 3rd period - Icing by Zach Werenski.
8:03 of 3rd period - Artemi Panarin wins face-off versus Filip Chytil in TAMPA BAY zone.
8:06 of 3rd period - Shot by Artemi Panarin.
8:06 of 3rd period - Stopped by Casey DeSmith without a rebound.
8:07 of 3rd period - Elias Lindholm wins face-off versus Bo Horvat in TAMPA BAY zone.
8:07 of 3rd period - Elias Lindholm is hit by Tom Wilson.
8:10 of 3rd period - Minor Penalty to Tom Wilson for Hooking.
8:11 of 3rd period - Elias Lindholm wins face-off versus Artemi Panarin in NEW YORK R zone.
8:40 of 3rd period - Shot by Brandon Montour.
8:40 of 3rd period - Shot Misses the Net.
8:47 of 3rd period - Icing by Rasmus Andersson.
8:48 of 3rd period - Sebastian Aho wins face-off versus Artemi Panarin in TAMPA BAY zone.
8:50 of 3rd period - Icing by Elias Lindholm.
8:51 of 3rd period - Artemi Panarin wins face-off versus Elias Lindholm in TAMPA BAY zone.
9:12 of 3rd period - Shot by Seth Jones.
9:12 of 3rd period - Stopped by Casey DeSmith without a rebound.
9:13 of 3rd period - Mathew Barzal wins face-off versus Jake DeBrusk in TAMPA BAY zone.
9:26 of 3rd period - Shot by John Klingberg.
9:26 of 3rd period - Shot Blocked by Brett Pesce.
9:28 of 3rd period - Shot by Zach Werenski.
9:28 of 3rd period - Stopped by Frederik Andersen with a rebound.
9:30 of 3rd period - Shot by Viktor Arvidsson.
9:30 of 3rd period - Goal by Viktor Arvidsson - TAMPA BAY : 6 - NEW YORK R : 5.
9:31 of 3rd period - Lucas Wallmark wins face-off versus Jonathan Marchessault in neutral zone.
9:39 of 3rd period - Shot by Seth Jones.
9:39 of 3rd period - Deflect By Connor Brown.
9:39 of 3rd period - Goal by Connor Brown - TAMPA BAY : 6 - NEW YORK R : 6.
9:40 of 3rd period - Nico Hischier wins face-off versus Viktor Arvidsson in neutral zone.
9:49 of 3rd period - Filip Forsberg is hit by Marcus Kruger and loses puck.
10:37 of 3rd period - Elias Lindholm is hit by Brett Pesce and loses puck.
10:56 of 3rd period - Shot by Tom Wilson.
10:56 of 3rd period - Shot Misses the Net.
11:03 of 3rd period - Artemi Panarin is hit by Rasmus Andersson and loses puck.
11:08 of 3rd period - Shot by Tom Wilson.
11:08 of 3rd period - Stopped by Casey DeSmith without a rebound.
11:09 of 3rd period - Tyson Jost wins face-off versus Jonathan Marchessault in TAMPA BAY zone.
11:15 of 3rd period - Jake Virtanen is hit by Cam Fowler and loses puck.
11:23 of 3rd period - Icing by Cam Fowler.
11:24 of 3rd period - Jonathan Marchessault wins face-off versus Filip Chytil in NEW YORK R zone.
11:35 of 3rd period - Viktor Arvidsson is hit by Cam Fowler and loses puck.
11:56 of 3rd period - Shot by Filip Forsberg.
11:56 of 3rd period - Shot Misses the Net.
12:16 of 3rd period - Minor Penalty to Jake Virtanen for Hooking.
12:17 of 3rd period - Elias Lindholm wins face-off versus Tom Wilson in TAMPA BAY zone.
12:36 of 3rd period - Shot by Seth Jones.
12:36 of 3rd period - Stopped by Casey DeSmith without a rebound.
12:37 of 3rd period - Bo Horvat wins face-off versus Elias Lindholm in TAMPA BAY zone.
13:50 of 3rd period - Shot by Connor Brown.
13:50 of 3rd period - Shot Hit the Post.
13:52 of 3rd period - Shot by Seth Jones.
13:52 of 3rd period - Shot Misses the Net.
14:08 of 3rd period - Shot by Seth Jones.
14:08 of 3rd period - Stopped by Casey DeSmith without a rebound.
14:09 of 3rd period - Bo Horvat wins face-off versus Lucas Wallmark in TAMPA BAY zone.
14:10 of 3rd period - Shot by Brett Pesce.
14:10 of 3rd period - Shot Blocked by John Klingberg.
14:12 of 3rd period - Shot by Tom Wilson.
14:12 of 3rd period - Stopped by Casey DeSmith with a rebound.
14:29 of 3rd period - Icing by Mike Matheson.
14:30 of 3rd period - Lucas Wallmark wins face-off versus Nico Hischier in NEW YORK R zone.
14:33 of 3rd period - Shot by Jesper Bratt.
14:33 of 3rd period - Stopped by Frederik Andersen with a rebound.
14:39 of 3rd period - Shot by Jake DeBrusk.
14:39 of 3rd period - Shot Misses the Net.
14:41 of 3rd period - Shot by Mike Matheson.
14:41 of 3rd period - Shot Misses the Net.
15:13 of 3rd period - Artemi Panarin is hit by Sebastian Aho and loses puck.
15:46 of 3rd period - Shot by Artemi Panarin.
15:46 of 3rd period - Stopped by Casey DeSmith without a rebound.
15:47 of 3rd period - Jonathan Marchessault wins face-off versus Tyson Jost in TAMPA BAY zone.
15:54 of 3rd period - Shot by Jonathan Marchessault.
15:54 of 3rd period - Stopped by Casey DeSmith without a rebound.
15:55 of 3rd period - Filip Chytil wins face-off versus Jonathan Marchessault in TAMPA BAY zone.
15:55 of 3rd period - Brandon Montour is hit by Andrew Cogliano and loses puck.
16:18 of 3rd period - Icing by Brett Pesce.
16:19 of 3rd period - Jonathan Marchessault wins face-off versus Tyson Jost in NEW YORK R zone.
17:50 of 3rd period - Shot by Mathew Barzal.
17:50 of 3rd period - Shot Blocked by Seth Jones.
18:03 of 3rd period - Shot by Elias Lindholm.
18:03 of 3rd period - Shot Misses the Net.
19:34 of 3rd period - Shot by Connor Brown.
19:34 of 3rd period - Shot Hit the Post.
19:36 of 3rd period - Shot by Marc-Edouard Vlasic.
19:36 of 3rd period - Goal by Marc-Edouard Vlasic - TAMPA BAY : 6 - NEW YORK R : 7.
19:37 of 3rd period - Gabriel Vilardi wins face-off versus Elias Lindholm in neutral zone.
19:56 of 3rd period - Shot by Jake DeBrusk.
19:56 of 3rd period - Stopped by Casey DeSmith without a rebound.
19:57 of 3rd period - Elias Lindholm wins face-off versus Gabriel Vilardi in TAMPA BAY zone.
Goals for this period are 2 for TAMPA BAY vs 3 for NEW YORK R.
Shots for this period are 11 for TAMPA BAY vs 14 for NEW YORK R.